Selects Heavy Armor Battlegroup
Selects Heavy Armor Battlegroup
Selects Heavy Armor Battlegroup
Construct Section Command Post
Construct Platoon Command Post
Selects Rigorous Vehicle Training
Selects Forward Repair Assembly
Construct Field Infirmary
Construct Company Command Post
Selects Churchill Black Prince Heavy Tank
Churchill Black Prince Heavy Tank
Selects Light Vehicle Withdraw and Refit
Selects Designate Targets